 Dungeon Crawl Stone Soup version 0.26.1-11-gd32895ea62 (webtiles) character file.

Game seed: 13783501626251642259

15 Descartes the Magician (level 2, -2/11 HPs)
             Began as a Felid Wanderer on Apr 15, 2021.
             Slain by a goblin
             ... wielding a +0 dagger of venom
              (3 damage)
             ... on level 1 of the Dungeon.
             The game lasted 00:01:41 (1046 turns).

Descartes the Magician (Felid Wanderer)             Turns: 1046, Time: 00:01:42

Health: -2/11      AC:  1    Str:  7    XL:     2   Next: 34%
Magic:  4/8        EV: 17    Int: 11    God:
Gold:   8          SH:  0    Dex: 18    Spells: 8/9 levels left
                                        Lives:  0   Deaths: 0

rFire    . . .     SeeInvis +     - Unarmed
rCold    . . .     Faith    .   (shield unavailable)
rNeg     . . .     Spirit   .   (armour unavailable)
rPois    .         Reflect  .   (helmet unavailable)
rElec    .         Harm     .   (cloak unavailable)
rCorr    .         Rampage  .   (gloves unavailable)
Will     .....                  (boots unavailable)
Stlth    +++.......             (no amulet)
HPRegen  0.03/turn              (no ring)
MPRegen  0.11/turn              (no ring)

@: very slightly contaminated, quick
A: very small, no armour, no weapons or thrown items, stealth, claws 1, fangs 3,
see invisible, speed 1, shaggy fur 1, sharp paws
a: no special abilities


You were on level 1 of the Dungeon.
You visited 1 branch of the dungeon, and saw 1 of its levels.

You collected 8 gold pieces.

Inventory:

Jewellery
 a - an uncursed ring of flight {unknown}
 d - an uncursed ring of wizardry {unknown}
Potions
 b - a potion of brilliance {unknown}
 c - a potion of lignification


   Skills:
 + Level 1.4 Dodging
 + Level 2.3 Stealth
 + Level 1.0 Unarmed Combat
 - Level 4.0 Spellcasting
 - Level 1.0 Conjurations
 - Level 1.0 Necromancy
 - Level 1.5 Translocations
 - Level 1.0 Air Magic
 - Level 1.1 Evocations


You had 8 spell levels left.
You knew the following spells:

 Your Spells              Type           Power        Failure   Level
a - Freeze                Ice            8%           24%         1

Your spell library contained the following spells:

 Spells                   Type           Power        Failure   Level
 Blink                    Tloc           N/A          19%         2
 Gell's Gravitas          Tloc           2%           36%         3
 Lesser Beckoning         Tloc           2%           36%         3
 Teleport Other           Tloc           5%           36%         3
 Ozocubu's Armour         Ice            2%           56%         3
 Passage of Golubria      Tloc           N/A          77%         4


Dungeon Overview and Level Annotations

Branches:
Dungeon (1/15)

Altars:


Innate Abilities, Weirdness & Mutations

You cannot wear armour.
You are incapable of wielding weapons or throwing items.
Your paws allow you to move quietly. (Stealth)
You have sharp claws.
You have razor-sharp teeth.
You have supernaturally acute eyesight. (SInv)
You cover ground quickly.
You are covered in fur. (AC +1)
Your sharp claws are effective at attacking unaware monsters.


Message History

Press: ? - help, Shift-Dir - straight line, f/p - hobgoblin
Aim: a hobgoblin, wielding a +0 club (severely wounded)
You freeze the hobgoblin.
You kill the hobgoblin!
Casting: Freeze (safe; 24% risk of failure)
Confirm with . or Enter, or press ? or * to list all spells.
Aiming: Freeze (safe; 24% risk of failure)
Press: ? - help, Shift-Dir - straight line, f - goblin
Aim: a goblin, wielding a +0 dagger of venom You freeze the goblin.
The goblin is moderately wounded.
The goblin completely misses you.
Casting: Freeze (safe; 24% risk of failure)
Confirm with . or Enter, or press ? or * to list all spells.
Aiming: Freeze (safe; 24% risk of failure)
Press: ? - help, Shift-Dir - straight line, f/p - goblin
Aim: a goblin, wielding a +0 dagger of venom (moderately wounded)
You miscast Freeze.
Nothing appears to happen.
The goblin hits you with a +0 dagger of venom.
You die...

........ ## #......#
#. #......+ #.
#......##+# #.
#......##.# #.
#..(...##g# #.
###......##@# #.
#...........# #.
+......###........ #.
####........+........
#.
...........##........
#........##........ #
#..........#+#+####
.# #.##'#.....#
#.#######.# #
#.#.....# #.........#
...


You could see a goblin.

Vanquished Creatures
  A dart slug (D:1)
  A goblin (D:1)
  A hobgoblin (D:1)
  2 bats (D:1)
  A frilled lizard (D:1)
  5 kobolds (D:1)
  4 rats (D:1)
15 creatures vanquished.

Notes
Turn   | Place    | Note
-------+----------+-------------------------------------------
     0 | D:1      | Descartes the Felid Wanderer began the quest for the Orb.
     0 | D:1      | Descartes set off with the following items: a potion of
                  | lignification; and the following spell memorised: Freeze;
                  | and the following spells available to memorise: Blink,
                  | Gell's Gravitas, Lesser Beckoning, Teleport Other,
                  | Ozocubu's Armour, Passage of Golubria
     0 | D:1      | Reached XP level 1. HP: 7/7 MP: 6/6
   406 | D:1      | Reached skill level 1 in Dodging
   760 | D:1      | Reached XP level 2. HP: 11/11 MP: 8/8
  1022 | D:1      | Reached skill level 1 in Unarmed Combat
  1046 | D:1      | Slain by a goblin

Illustrated notes

Levels and vault maps discovered:
D:1:      onia_arrival_mini_spirals, layout_basic, serial_bayou_pond_d

Skill      XL: |  1  2 |
---------------+-------+-----
Dodging        | 1 |  1.4
Stealth        | 2 |  2.3
Unarmed Combat | 1 |  1.0
Spellcasting   | |  4.0
Conjurations   | |  1.0
Necromancy     | |  1.0
Translocations | |  1.5
Air Magic      | |  1.0
Evocations     | |  1.1

Action                   || total
-------------------------++-------
Melee: Unarmed           ||    28
 Cast: Freeze            ||    11
 Stab: Sleeping          ||     2
Armor: Skin              ||     3
Dodge: Dodged            ||    30
